AoeStats
← Bu7

Hideout

509180810Analyzed
1v1 RM · 6d ago on Sep 25, 2026· 52m 39s· 2 players
Game mode
Random Map
Map size
Tiny (2 player)
Population
200
Speed
Normal
Resources
Standard
Victory
Conquest
Starting age
Dark Age
Ending age
Imperial Age
RankedLock teamsTeams togetherTeam positionsShared explorationLock speedFull tech treeHidden civsTurbo modeCheats
Victory
Defeat
🇹🇷 Cumans · Türkiye
864
+16
🇪🇸 Cumans · Spain
867
-16
Bu7
5:07 Loom
11:05 Feudal Age
11:33 Double-Bit Axe
11:31 Horse Collar
13:20 Town Watch
18:53 Forging
19:06 Scale Barding Armor
20:36 Wheelbarrow
25:34 Castle Age
24:43 Bloodlines
25:19 Gold Mining
25:52 Light Cavalry
28:51 Bow Saw
34:06 Town Patrol
35:39 Iron Casting
38:53 Stone Mining
39:56 Iron Casting
39:15 Fletching
40:51 Chain Barding Armor
41:55 Heavy Plow
42:40 Gold Shaft Mining
43:08 Capped Ram
45:07 Hand Cart
45:19 Man-at-Arms
46:38 Bodkin Arrow
47:18 Long Swordsman
48:51 Pikeman
49:51 Steppe Husbandry
Lober23
6:47 Loom
9:15 Feudal Age
9:46 Double-Bit Axe
34:57 Town Watch
Connection lost

Rejoining the realm…

Still unreachable

The connection could not be restored.

Session expired

The server has moved on; the page needs a fresh start.